Map: 2000 Atmospheres LE

Players

Stephano

  • Race: Zerg Zerg

goblin - Winner!

  • Race: Protoss Protoss

Event: DreamHack SC2 Masters 2021 Fall

VOD

Have the link to the VOD?

Description

Time

  • Played on: Aug. 3, 2021, 11:55 a.m.
  • Length: 28:25

All games in this series

Show
View Real Time Build Order
Export as new Build Order

Stephano Zerg 

Build Orders: Hatch First, Brood Lord Corruptor 

Get SALT Encoding   

  12  0:00  Drone  
  13  0:12  Overlord  
  13  0:16  Drone  
  14  0:30  Drone x2  
  16  0:48  Hatchery  
  15  0:51  Drone  
  15  0:54  Drone  
  17  0:58  Drone  
  18  1:07  Extractor  
  17  1:13  Spawning Pool  
  17  1:15  Drone  
  17  1:20  Drone  
  18  1:28  Drone  
  19  1:38  Drone  
  20  1:49  Drone  
  21  2:00  Queen x2, Zergling x2  
  26  2:02  Drone  
  27  2:10  Drone  
  27  2:11  Overlord  
  28  2:23  Metabolic Boost  
  28  2:31  Hatchery  
  28  2:32  Drone x2  
  29  2:38  Queen  
  29  2:40  Drone  
  32  2:45  Overlord  
  32  2:50  Drone  
  33  2:52  Drone  
  34  2:59  Drone x2  
  36  3:06  Drone  
  36  3:07  Drone x3  
  36  3:09  Overlord  
  36  3:11  Overlord  
  40  3:17  Queen  
  40  3:19  Drone  
  43  3:21  Drone  
  44  3:27  Evolution Chamber  
  44  3:28  Drone x2  
  44  3:31  Zergling x2  
  44  3:33  Zergling x2  
  47  3:43  Drone x5  
  47  3:46  Queen  
  54  3:49  Overlord  
  54  3:52  Drone x2  
  56  3:57  Zerg Melee Weapons Level 1  
  56  4:00  Spore Crawler  
  56  4:01  Drone  
  56  4:02  Drone x2  
  58  4:06  Overlord  
  58  4:13  Drone x4  
  58  4:14  Drone  
  63  4:20  Drone  
  63  4:23  Drone x2  
  66  4:24  Drone  
  66  4:30  Spore Crawler, Queen  
  68  4:33  Spore Crawler  
  68  4:35  Overlord  
  68  4:36  Lair  
  67  4:40  Extractor x2, Zergling x10  
  67  4:41  Zergling x2  
  71  4:51  Overlord  
  71  4:52  Drone x2  
  73  4:53  Drone  
  73  4:58  Overlord  
  74  5:04  Drone x2  
  74  5:06  Spore Crawler  
  74  5:07  Drone x2  
  76  5:14  Drone x6  
  76  5:15  Extractor  
  76  5:16  Extractor, Baneling Nest  
  79  5:24  Hatchery  
  77  5:29  Zergling x6  
  77  5:31  Drone x3  
  77  5:32  Queen x2  
  77  5:34  Drone x4  
  89  5:43  Queen  
  89  5:48  Drone  
  93  5:50  Drone x2  
  93  5:51  Drone  
  95  5:59  Hatchery  
  95  6:00  Zerg Melee Weapons Level 2, Centrifical Hooks  
  95  6:02  Extractor  
  93  6:08  Queen x2  
  97  6:12  Spire  
  97  6:14  Drone  
  97  6:16  Overlord, Infestation Pit  
  96  6:20  Spore Crawler  
  95  6:26  Overlord  
  95  6:28  Overseer  
  95  6:31  Drone x2  
  95  6:32  Overlord x2  
  97  6:40  Drone  
  97  6:41  Drone x6  
  97  6:42  Drone x4  
  107  6:54  Queen  
  107  6:55  Drone x2  
  107  6:56  Drone x4  
  107  7:00  Spore Crawler  
  107  7:01  Spore Crawler  
  111  7:02  Zergling x14  
  111  7:03  Zergling x2  
  111  7:04  Zergling x2  
  120  7:12  Hive  
  120  7:20  Drone x3  
  123  7:23  Extractor  
  123  7:24  Extractor  
  123  7:26  Zergling x24  
  123  7:27  Zergling x4  
  123  7:28  Pathogen Glands  
  135  7:30  Zerg Flyer Weapons Level 1  
  135  7:37  Baneling x7  
  135  7:47  Spore Crawler, Drone x8  
  135  7:48  Extractor  
  135  7:49  Extractor  
  135  8:10  Infestor x3  
  135  8:12  Overlord x3  
  141  8:19  Spire  
  139  8:20  Zerg Ground Armor Level 1  
  139  8:22  Spore Crawler  
  139  8:23  Spore Crawler  
  139  8:24  Spore Crawler x2  
  139  8:25  Neural Parasite  
  133  8:29  Drone x5  
  133  8:31  Baneling x3, Infestor x3  
  133  8:32  Infestor  
  133  8:33  Spore Crawler  
  145  8:34  Spore Crawler  
  145  8:35  Spore Crawler x2  
  145  8:36  Spore Crawler x4  
  145  8:37  Queen x3  
  144  8:42  Spine Crawler  
  144  8:43  Drone x2  
  144  8:44  Drone  
  144  8:45  Spore Crawler  
  144  8:46  Spore Crawler  
  144  8:52  Viper  
  144  8:53  Viper  
  144  8:55  Overseer x2  
  149  9:05  Drone x3  
  149  9:07  Drone x6  
  156  9:22  Drone x4, Evolution Chamber  
  156  9:28  Greater Spire  
  156  9:29  Corruptor x2  
  156  9:31  Overlord x5  
  158  9:42  Adrenal Glands  
  157  9:55  Hatchery  
  156  10:00  Zergling x24  
  156  10:01  Zergling x2  
  156  10:02  Overlord  
  166  10:09  Overlord  
  166  10:11  Zerg Melee Weapons Level 3  
  160  10:14  Zergling x12  
  160  10:15  Zergling x2, Infestor x3  
  160  10:19  Overlord x3  
  173  10:39  Zerg Ground Armor Level 2  
  173  10:40  Spore Crawler x3  
  173  10:41  Spore Crawler, Zerg Flyer Armor Level 1  
  173  10:42  Zerg Flyer Weapons Level 2, Hatchery  
  168  10:45  Brood Lord x2  
  172  10:59  Corruptor x2  
  172  11:00  Corruptor x3  
  181  11:15  Corruptor  
  181  11:16  Corruptor x4  
  186  11:25  Baneling x4  
  186  11:26  Baneling x2  
  186  11:32  Overseer  
  186  11:33  Overseer  
  186  11:35  Brood Lord  
  186  11:36  Brood Lord x4  
  196  11:42  Baneling x3  
  196  11:43  Baneling x2  
  196  11:49  Spore Crawler  
  196  11:50  Spore Crawler  
  183  12:08  Brood Lord  
  178  12:10  Corruptor  
  178  12:11  Corruptor x7  
  194  12:21  Spine Crawler  
  194  12:22  Spine Crawler x2  
  189  13:28  Corruptor x2  
  189  13:29  Corruptor x3  
  199  13:39  Zerg Missile Weapons Level 1  
  196  13:54  Spire  
  187  13:55  Spawning Pool  
  184  14:04  Overlord x2  
  164  15:30  Zergling x12  
  164  15:31  Zergling x32  
  184  15:38  Hatchery  
  184  15:40  Lair  
  184  15:41  Corruptor x8  
  199  15:45  Hatchery  
  198  15:50  Hatchery  
  198  15:53  Extractor  
  198  15:54  Extractor  
  193  16:12  Drone x5  
  193  16:13  Drone x2  
  197  16:19  Spore Crawler  
  197  16:21  Spore Crawler  
  197  16:22  Spore Crawler x4  
  197  16:23  Spore Crawler  
  180  16:29  Zergling x24  
  186  16:41  Infestation Pit  
  185  16:48  Zergling x2  
  186  16:58  Baneling Nest  
  185  17:03  Drone  
  185  17:04  Extractor, Drone x4  
  187  17:20  Zergling x12  
  187  17:21  Zergling x8  
  197  17:35  Corruptor x7  
  199  17:45  Corruptor  
  189  18:06  Zergling x24  
  194  18:26  Hive  
  191  18:34  Infestor x3  
  191  18:35  Infestor x2  
  191  18:39  Overlord  
  191  18:40  Overlord  
  194  18:48  Pneumatized Carapace  
  193  19:11  Spore Crawler x2  
  193  19:12  Spore Crawler  
  193  19:13  Spore Crawler x2  
  186  19:24  Overlord  
  186  19:27  Hatchery  
  181  19:41  Zergling x34  
  198  19:54  Overlord  
  198  20:02  Infestor  
  197  20:11  Zerg Flyer Armor Level 2  
  197  20:13  Spore Crawler, Overseer  
  197  20:14  Spore Crawler, Overseer  
  196  20:15  Spore Crawler  
  184  20:45  Infestor x5  
  184  20:46  Infestor  
  194  20:51  Zergling x10  
  192  21:08  Viper x2  
  197  21:17  Spire  
  196  21:20  Extractor  
  195  21:27  Hatchery  
  193  21:39  Drone x4  
  197  21:53  Drone  
  197  21:54  Drone  
  199  21:57  Spore Crawler  
  199  21:59  Spore Crawler  
  199  22:00  Spore Crawler  
  196  22:06  Spore Crawler  
  195  22:12  Spore Crawler  
  195  22:13  Spore Crawler  
  195  22:14  Spore Crawler  
  190  22:30  Spore Crawler  
  190  22:31  Spine Crawler  
  190  22:32  Spine Crawler x2  
  190  22:33  Spine Crawler  
  190  22:34  Spine Crawler  
  184  22:41  Greater Spire  
  184  22:54  Zerg Ground Armor Level 3  
  184  23:03  Hatchery  
  171  23:54  Brood Lord x3  
  177  24:19  Corruptor  
  177  24:20  Corruptor x10  
  199  24:26  Zerg Flyer Weapons Level 3  
  191  25:06  Spawning Pool  
  175  25:27  Hatchery  
  174  25:31  Infestation Pit  
  173  25:55  Zergling x2  
  173  25:56  Zergling x54  
  192  26:31  Infestor x4  
  192  26:56  Corruptor x5  
  195  27:07  Zergling x16  
  198  27:41  Spore Crawler  
  198  27:42  Spore Crawler  
  198  27:43  Spore Crawler  
  192  27:47  Spore Crawler  
  192  27:49  Zergling x18  
  196  27:59  Baneling x5  
Show
View Real Time Build Order
Export as new Build Order

goblin Protoss - Winner!

Build Orders: 1 Gate Expand, Oracle Opening, Carriers 

Get SALT Encoding   

  12  0:00  Probe  
  13  0:12  Probe  
  14  0:18  Pylon  
  14  0:24  Probe (Chrono Boost)  
  15  0:36  Probe (Chrono Boost)  
  15  0:38  Gateway  
  16  0:45  Probe (Chrono Boost)  
  16  0:47  Assimilator  
  17  0:51  Probe  
  18  1:03  Probe  
  19  1:15  Probe  
  20  1:24  Nexus  
  20  1:27  Probe  
  21  1:38  Cybernetics Core  
  21  1:40  Probe  
  22  1:47  Assimilator  
  22  1:52  Probe  
  23  1:57  Pylon  
  23  2:15  Adept, Probe (Chrono Boost)  
  26  2:19  Stargate  
  26  2:24  Probe (Chrono Boost)  
  26  2:27  Warp Gate  
  27  2:30  Probe (Chrono Boost)  
  27  2:35  Probe (Chrono Boost)  
  29  2:42  Probe (Chrono Boost)  
  31  2:45  Adept  
  31  2:46  Probe (Chrono Boost)  
  31  2:48  Probe (Chrono Boost)  
  31  2:51  Probe (Chrono Boost)  
  34  2:54  Void Ray (Chrono Boost)  
  34  2:55  Probe  
  36  3:02  Probe  
  36  3:05  Pylon  
  41  3:07  Probe  
  42  3:14  Probe  
  42  3:17  Gateway  
  42  3:19  Probe  
  44  3:26  Probe  
  45  3:29  Oracle  
  45  3:32  Probe  
  49  3:40  Probe  
  50  3:43  Nexus  
  50  3:47  Pylon  
  50  3:50  Probe  
  50  3:52  Probe  
  50  3:53  Assimilator  
  50  3:55  Assimilator  
  52  4:02  Stargate  
  52  4:03  Probe  
  52  4:04  Probe  
  52  4:07  Shield Battery  
  54  4:15  Probe  
  54  4:16  Pylon, Probe  
  56  4:26  Protoss Air Weapons Level 1  
  56  4:27  Void Ray, Probe  
  56  4:28  Probe  
  58  4:35  Pylon  
  62  4:39  Probe  
  62  4:40  Forge, Void Ray  
  62  4:41  Probe (Chrono Boost)  
  64  4:51  Probe (Chrono Boost)  
  69  4:54  Assimilator  
  69  4:56  Probe (Chrono Boost)  
  69  4:59  Assimilator  
  72  5:00  Probe (Chrono Boost)  
  72  5:01  Probe (Chrono Boost)  
  72  5:04  Void Ray, Probe (Chrono Boost)  
  74  5:08  Probe (Chrono Boost)  
  74  5:11  Probe (Chrono Boost)  
  74  5:13  Probe x2 (Chrono Boost)  
  80  5:17  Void Ray  
  81  5:25  Twilight Council, Probe (Chrono Boost)  
  87  5:29  Probe (Chrono Boost)  
  87  5:30  Probe (Chrono Boost)  
  87  5:34  Probe (Chrono Boost)  
  87  5:35  Pylon  
  87  5:37  Probe (Chrono Boost)  
  87  5:38  Probe (Chrono Boost)  
  87  5:39  Probe (Chrono Boost)  
  90  5:45  Protoss Ground Weapons Level 1  
  90  5:48  Void Ray, Probe x2  
  92  5:50  Gateway  
  92  5:51  Gateway, Probe  
  97  5:58  Pylon  
  97  6:00  Probe  
  97  6:03  Charge  
  98  6:05  Templar Archives  
  98  6:10  Void Ray  
  98  6:15  Pylon  
  98  6:16  Gateway  
  102  6:19  Gateway  
  102  6:25  Void Ray  
  102  6:31  Nexus  
  106  6:34  Pylon  
  106  6:36  Pylon  
  106  6:44  Zealot  
  106  6:45  Psionic Storm, Zealot  
  110  6:52  Gateway  
  110  6:53  Gateway  
  110  7:00  Probe  
  111  7:01  Shield Battery  
  111  7:04  Photon Cannon  
  111  7:06  Robotics Facility  
  111  7:15  High Templar x4  
  113  7:17  Pylon  
  119  7:30  Assimilator  
  119  7:33  Assimilator, Photon Cannon  
  119  7:35  Photon Cannon  
  119  7:37  Gateway, Probe  
  119  7:38  Probe x2  
  119  7:39  Pylon  
  119  7:41  Shield Battery  
  119  7:43  Pylon  
  122  7:46  Fleet Beacon  
  122  7:47  High Templar  
  122  7:50  Probe x2  
  122  7:51  Probe x2  
  128  7:55  Observer (Chrono Boost), Stargate  
  129  8:08  Observer (Chrono Boost)  
  129  8:09  Zealot x5  
  140  8:12  Protoss Ground Weapons Level 2 (Chrono Boost)  
  139  8:23  Probe x2  
  139  8:24  Probe x2  
  139  8:35  Carrier (Chrono Boost), Probe  
  139  8:36  Carrier (Chrono Boost), Probe  
  139  8:37  Photon Cannon  
  139  8:38  Carrier (Chrono Boost)  
  159  8:48  Probe  
  159  8:50  Pylon, Probe x2  
  159  8:52  Pylon  
  159  8:55  Protoss Air Weapons Level 2 (Chrono Boost)  
  162  8:57  Immortal (Chrono Boost)  
  166  9:09  Zealot  
  166  9:11  Mothership (Chrono Boost)  
  166  9:14  Pylon  
  174  9:29  Pylon  
  170  9:32  Nexus  
  170  9:33  Pylon, Immortal (Chrono Boost)  
  170  9:36  Photon Cannon  
  170  9:37  Shield Battery  
  174  9:40  Robotics Facility  
  174  9:44  Robotics Facility  
  174  9:48  Zealot x3  
  174  9:49  Zealot  
  176  10:07  Zealot x2, Immortal (Chrono Boost)  
  176  10:11  Carrier x2 (Chrono Boost)  
  184  10:19  Carrier (Chrono Boost)  
  200  10:26  Photon Cannon  
  200  10:28  Photon Cannon  
  200  10:33  Protoss Ground Weapons Level 3 (Chrono Boost)  
  200  10:35  Shield Battery  
  200  10:37  Photon Cannon  
  192  10:55  Assimilator  
  192  10:57  Assimilator  
  190  10:59  Photon Cannon  
  190  11:02  Shield Battery  
  190  11:04  Pylon  
  190  11:07  Photon Cannon  
  190  11:08  Photon Cannon x2, Zealot x4  
  190  11:09  Shield Battery  
  190  11:10  Shield Battery  
  196  11:18  Cybernetics Core  
  196  11:19  Cybernetics Core  
  196  11:27  High Templar x2  
  200  11:34  Archon  
  200  11:50  Photon Cannon  
  200  11:53  Zealot x2  
  200  11:54  Zealot x3  
  185  12:05  Protoss Air Armor Level 1 (Chrono Boost)  
  183  12:09  Protoss Air Weapons Level 3 (Chrono Boost)  
  183  12:15  Immortal x2 (Chrono Boost)  
  183  12:16  High Templar x4  
  199  12:24  Archon  
  199  12:27  Archon  
  199  12:36  Shield Battery  
  199  12:38  Shield Battery  
  199  12:39  Oracle  
  199  12:46  Shield Battery, Photon Cannon  
  199  12:49  Shield Battery  
  199  12:51  Oracle  
  196  13:23  Void Ray x2  
  199  13:39  Blink  
  199  13:46  Protoss Shields Level 1 (Chrono Boost)  
  199  13:48  Gateway  
  199  13:50  Gateway  
  197  13:56  Gateway  
  197  13:58  Pylon  
  195  14:22  Photon Cannon  
  194  14:32  Void Ray (Chrono Boost)  
  198  14:52  Carrier x2 (Chrono Boost)  
  177  15:08  Oracle (Chrono Boost)  
  177  15:11  Zealot x3  
  177  15:12  Zealot x8  
  174  15:31  Observer x2  
  174  15:33  Unknown, Flux Vanes, High Templar x4, Protoss Air Armor Level 2 (Chrono Boost)  
  184  15:37  Carrier (Chrono Boost)  
  184  15:40  Stargate x2  
  190  15:43  Stargate  
  190  15:47  Protoss Shields Level 2 (Chrono Boost), Carrier (Chrono Boost)  
  192  15:58  Nexus  
  192  15:59  Pylon  
  192  16:01  Pylon  
  192  16:17  Mothership (Chrono Boost)  
  188  16:26  Zealot x2  
  188  16:32  Zealot  
  190  16:51  High Templar x4  
  198  16:56  Nexus  
  198  16:57  Observer x2, Archon x2  
  192  17:09  High Templar x3  
  192  17:10  High Templar, Zealot  
  192  17:14  Archon  
  192  17:15  Archon  
  169  18:06  Tempest x3 (Chrono Boost), High Templar x2  
  169  18:07  High Templar x3  
  169  18:08  High Templar  
  196  18:19  Void Ray (Chrono Boost)  
  198  18:20  Archon  
  198  18:22  Carrier (Chrono Boost)  
  189  18:33  Protoss Air Armor Level 3  
  182  18:47  Stalker x2  
  182  18:48  Stalker x4  
  192  18:49  Zealot x3  
  192  19:45  Stalker x3  
  196  19:59  Pylon  
  194  20:00  Nexus  
  191  20:28  Photon Cannon  
  191  20:31  Photon Cannon  
  191  20:32  Photon Cannon  
  191  20:33  Shield Battery  
  191  20:35  Pylon  
  165  20:51  High Templar x2, Zealot  
  165  20:52  Zealot x6  
  177  21:05  Archon  
  177  21:06  Zealot x3  
  181  21:25  Carrier x2 (Chrono Boost)  
  193  21:45  Observer (Chrono Boost)  
  195  21:49  Observer (Chrono Boost)  
  195  22:28  High Templar x2  
  199  22:34  Archon  
  197  23:22  Assimilator x2  
  191  23:49  Carrier (Chrono Boost)  
  197  23:59  Zealot  
  194  24:12  Zealot  
  183  25:07  Zealot  
  183  25:08  Carrier (Chrono Boost)  
  183  25:09  Carrier (Chrono Boost)  
  183  25:10  Tempest (Chrono Boost)  
  200  25:27  Nexus  
  200  25:28  Pylon  
  200  25:30  Pylon  
  199  26:08  Tempest  
  199  26:10  Pylon  
  200  26:11  Pylon  
  200  26:13  Pylon  
  190  26:38  Photon Cannon  
  190  26:39  Photon Cannon  
  190  26:41  Shield Battery  
  190  26:44  Zealot x5  
  200  26:49  Nexus  
  200  26:51  Pylon  
  200  26:53  Zealot x2  
  200  26:54  Zealot  
  199  26:57  Zealot  
  184  27:02  Zealot x3  
  180  27:20  Oracle  
  184  27:32  Probe (Chrono Boost)  
  184  27:33  Probe x3 (Chrono Boost)  
  184  27:39  Zealot x2  
  184  27:40  Zealot x5  
  188  27:57  Zealot x3  

Tags
 
Add a new tag
Caveats
  • Supply blocks, unpowered buildings, or Contaminate may cause inaccurate times.
  • Supply counts are checked every 10 seconds.